 Dungeon Crawl Stone Soup version 0.30.0 (webtiles) character file.

Game seed: 4910902683544877780

192 Ronstob the Sneak (level 5, -7/30 HPs)
             Began as a Vampire Brigand on Oct 7, 2023.
             Was an Initiate of Kikubaaqudgha.
             Killed by divine providence
             ... invoked by an orc priest
              (15 damage)
             ... on level 4 of the Dungeon.
             The game lasted 00:16:26 (2768 turns).

Ronstob the Sneak (Vampire Brigand)                 Turns: 2768, Time: 00:16:26

Health: -7/30      AC:  5    Str: 10    XL:     5   Next: 42%
Magic:  5/5        EV: 12    Int: 14    God:    Kikubaaqudgha [......]
Gold:   173        SH:  0    Dex: 17    Spells: 4/4 levels left

rFire   . . .        t - +0 dagger (vamp)
rCold   + + .        (no shield)
rNeg    + + +        p - +2 robe {Will+}
rPois   ∞            (no helmet)
rElec   .            c - +0 cloak
rCorr   .            (no gloves)
SInv    +            (no boots)
Will    +....        (no amulet)
Stlth   ++++++       (no ring)
HPRegen 0.00/turn    (no ring)
MPRegen 0.09/turn

%: no passive effects
@: bloodless, inhibited regen
A: bloodless, fangs 3, see invisible, vampiric 2
a: Bat Form, Revivify, Renounce Religion


You were on level 4 of the Dungeon.
You worshipped Kikubaaqudgha.
Kikubaaqudgha was noncommittal.
You visited 1 branch of the dungeon, and saw 4 of its levels.

You collected 173 gold pieces.

Inventory:

Hand Weapons
 a - a +2 dagger
 t - a +0 vampiric dagger (weapon)
 w - a +0 short sword
Missiles
 d - 9 poisoned darts (quivered)
 e - a curare-tipped dart
 h - 2 datura-tipped darts
Armour
 c - a +0 cloak (worn)
 p - a +2 robe of willpower (worn)
Wands
 b - a wand of light (10)
 r - a wand of flame (27)
Scrolls
 f - a scroll of teleportation
 n - a scroll of magic mapping {unknown}
 s - a scroll of immolation {unknown}
 v - a scroll of vulnerability {unknown}
Potions
 g - 3 potions of might
 i - a potion of invisibility
 j - 3 potions of haste
 k - 6 potions of flight
 l - 2 potions of brilliance
 m - a potion of magic {unknown}
 o - 2 potions of curing {unknown}
 q - a potion of ambrosia {unknown}
 u - 2 potions of resistance {unknown}


   Skills:
 - Level 1.8 Fighting
 * Level 5.2 Short Blades
 - Level 1.6 Throwing
 - Level 1.2 Dodging
 + Level 7.5 Stealth


You had 4 spell levels left.
You didn't know any spells.
Your spell library contained the following spells:

 Spells                   Type           Power      Damage    Failure   Level
 Call Canine Familiar     Summ           0%         N/A       65%         3
 Portal Projectile        Hex/Tloc       0%         N/A       65%         3
 Leda's Liquefaction      Hex/Erth       0%         N/A       96%         4


Dungeon Overview and Level Annotations

Branches:
Dungeon (4/15)
 Temple: D:4-7

Altars:
Ashenzari
Hepliaklqana
Kikubaaqudgha

Shops:
D:1 [!=[:   D:2 =


Innate Abilities, Weirdness & Mutations

You do not regenerate when monsters are visible.
You are frail without blood (-20% HP).
You can heal yourself when you bite living creatures.
You are immune to poison.
You have razor-sharp teeth.
You have supernaturally acute eyesight. (SInv)
You are afflicted with vampirism and can become a bat while bloodless.


Message History

You closely miss the orc priest.
The orc priest is heavily wounded.
You hit the orc priest but do no damage.
The orc priest is heavily wounded.
The orc priest calls down the wrath of Beogh upon you.
Beogh smites you!
You barely miss the orc priest.
The orc priest is heavily wounded.
The orc priest calls down the wrath of Beogh upon you.
Beogh smites you!
* * * LOW HITPOINT WARNING * * *
You are too injured to fight recklessly!
Hit: t) +0 dagger (vamp)
Press: ? - help, Dir - move target, f - orc priest
Aim: an orc priest, wielding a +0 short sword (heavily wounded, about 34% to evade your +0 vampiric dagger)
You barely miss the orc priest.
The orc priest is heavily wounded.
Hit: t) +0 dagger (vamp)
Press: ? - help, Dir - move target, f/p - orc priest
Aim: an orc priest, wielding a +0 short sword (heavily wounded, about 34% to evade your +0 vampiric dagger)
You barely miss the orc priest.
The orc priest is heavily wounded.
The orc priest hits you but does no damage.
Hit: t) +0 dagger (vamp)
Press: ? - help, Dir - move target, f/p - orc priest
Aim: an orc priest, wielding a +0 short sword (heavily wounded, about 34% to evade your +0 vampiric dagger)
You hit the orc priest.
The orc priest is heavily wounded.
The orc priest hits you with a +0 short sword.
* * * LOW HITPOINT WARNING * * *
Hit: t) +0 dagger (vamp)
Press: ? - help, Dir - move target, f/p - orc priest
Aim: an orc priest, wielding a +0 short sword (heavily wounded, about 34% to evade your +0 vampiric dagger)
You hit the orc priest.
You feel better.
The orc priest is severely wounded.
The orc priest mumbles some strange prayers to Beogh against you.
Beogh smites you!
Ouch! That really hurt!
You die...
Kikubaaqudgha rasps: "You have failed me!
Welcome... oblivion!"

### ..# # ###.#
#.####.#.#
##....)<#.#######
.................
(.......@........
#########o#######
#...# #...# #...#
###+#...#
##.....########
#.....o........
#.........##...


You could see an orc priest.

Vanquished Creatures
  A bullfrog (D:3)
  Jessica (D:2)
  3 adders
  A worm (D:2)
  3 dart slugs
  2 bats
  4 endoplasms
  6 giant cockroaches
  9 goblins
  2 hobgoblins
  5 kobolds
  5 quokkas
  8 ball pythons
  5 frilled lizards
  4 rats
59 creatures vanquished.

Vanquished Creatures (others)
  A quokka (D:4)
  9 plants (D:2)
10 creatures vanquished.

Grand Total: 69 creatures vanquished

Notes
Turn   | Place    | Note
-------+----------+-------------------------------------------
     0 | D:1      | Ronstob the Vampire Brigand began the quest for the Orb.
     0 | D:1      | Reached XP level 1. HP: 16/16 MP: 1/1
   147 | D:1      | Found Fuam's Distillery.
   149 | D:1      | Reached skill level 6 in Stealth
   187 | D:1      | Found Feeled's Armour Boutique.
   277 | D:1      | Found Houcueg's Antique Armour Shop.
   314 | D:1      | Reached XP level 2. HP: 17/17 MP: 2/2
   623 | D:1      | Found Toirch's Jewellery Emporium.
   655 | D:1      | Found Ithrid's Book Boutique.
  1051 | D:2      | Gained mutation: You are afflicted with vampirism and can
                  | become a bat while bloodless. [Vampire growth]
  1051 | D:2      | Reached XP level 3. HP: 21/21 MP: 3/3
  1146 | D:2      | Found an ancient bone altar of Kikubaaqudgha.
  1240 | D:2      | Became a worshipper of Kikubaaqudgha
  1258 | D:2      | Noticed Jessica
  1265 | D:2      | Killed Jessica
  1266 | D:2      | Reached XP level 4. HP: 26/26 MP: 4/4
  1581 | D:2      | Found a hazy altar of Hepliaklqana.
  1582 | D:2      | Found Piac's Jewellery Emporium.
  2142 | D:3      | Reached skill level 7 in Stealth
  2197 | D:3      | Noticed a bullfrog
  2413 | D:3      | Found a broken altar of Ashenzari.
  2414 | D:3      | Killed a bullfrog
  2415 | D:3      | Reached skill level 5 in Short Blades
  2415 | D:3      | Reached XP level 5. HP: 30/30 MP: 5/5
  2768 | D:4      | Killed from afar by an orc priest

Illustrated notes

Levels and vault maps discovered:
D:1:      heliophobic_arrival_battle_scene, layout_basic, serial_shops,
          nicolae_shop_tiny_real_fake_doors, shop, nicolae_lakefront_shop, shop,
          nicolae_shop_hallway_stairs, grunt_decor_junction
D:2:      layout_rooms, serial_shops, nicolae_shop_trees, serial_bayou,
          serial_bayou_ford_a, serial_bayou_crossing, serial_bayou_shore_a,
          serial_bayou_pond_d, basic_altar, grunt_ministairs_5,
          minmay_hexomino_r4, uniq_jessica
D:3:      layout_rooms, mainiacjoe_overflow_brackets
D:4:      minmay_chambers_of_twos, layout_basic, led_xom_imps, elyvilon_altar_4,
          nicolae_uskayaw_en_pointe, gammafunk_ghost_cemetery

Skill      XL: |  1  2  3  4 |
---------------+-------------+-----
Stealth        | 6 7 |  7.5
Short Blades   | 3 4 5 |  5.2
Fighting       | |  1.8
Throwing       | |  1.6
Dodging        | |  1.2

Action                     |  1- 3 |  4- 6 || total
---------------------------+-------+-------++-------
  Melee: Dagger            |    56 |    48 ||   104
         Bite              |     4 |     5 ||     9
         Punch             |       |     1 ||     1
  Throw: Dart              |       |     3 ||     3
Ability: Exsanguinate      |     1 |       ||     1
    Use: Scroll            |     2 |     4 ||     6
   Stab: Sleeping          |    19 |    12 ||    31
         Distracted        |       |     1 ||     1
 Armour: Robe              |    11 |     7 ||    18
  Dodge: Dodged            |    12 |    14 ||    26
